 Dungeon Crawl Stone Soup version 0.19.4 (webtiles) character file.

895 Jerry the Shield-Bearer (level 8, -17/58 HPs)
             Began as a Formicid Fighter on Feb 4, 2017.
             Demolished by an orc warrior
             ... wielding a +0 battleaxe
              (20 damage)
             ... on level 4 of the Dungeon.
             The game lasted 00:10:05 (5559 turns).

Jerry the Shield-Bearer (Formicid Fighter)          Turns: 5559, Time: 00:10:06

Health: -17/58     AC: 10    Str: 22    XL:     8   Next: 27%
Magic:  8/8        EV:  9    Int:  9    God:
Gold:   180        SH: 12    Dex: 10    Spells: 0 memorised, 7 levels left

rFire  . . .     SeeInvis +     e - +4 short sword
rCold  . . .     Gourm    .     b - +0 scale mail
rNeg   . . .     Faith    .     z - +2 shield
rPois  .         Spirit   .     (helmet unavailable)
rElec  .         Reflect  .     (no cloak)
rCorr  .         Harm     .     y - +1 pair of gloves
MR     .....                    (no boots)
Stlth  ..........               (no amulet)
                                (no ring)
                                q - +2 ring of slaying

@: no status effects
A: permanent stasis, dig shafts and tunnels, four strong arms, antennae 3
a: Dig, Shaft Self


You were on level 4 of the Dungeon.
You were hungry.

You visited 1 branch of the dungeon, and saw 5 of its levels.

You collected 180 gold pieces.

Inventory:

Hand Weapons
 a - a +0 war axe
 e - a +4 short sword (weapon)
Armour
 b - a +0 scale mail (worn)
 y - a +1 pair of gloves (worn)
 z - a +2 shield (worn)
Jewellery
 q - a +2 ring of slaying (left hand)
Wands
 C - a wand of lightning (12/15)
Scrolls
 g - a scroll of enchant weapon {unknown}
 i - 2 scrolls of remove curse {unknown}
 j - 4 scrolls of identify {unknown}
 k - 5 scrolls of random uselessness {unknown}
 m - 4 scrolls of noise {unknown}
 o - 3 scrolls of recharging {unknown}
 t - 4 scrolls of fear {unknown}
 x - 2 scrolls of teleportation {unknown}
 B - a scroll of blinking {unknown}
Potions
 c - a potion of ambrosia {unknown}
 d - a potion of might
 h - 4 potions of curing {unknown}
 n - 2 potions of cancellation {unknown}
 p - 2 potions of degeneration {unknown}
 r - a potion of agility {unknown}
 u - 3 potions of heal wounds {unknown}
 v - a potion of resistance {unknown}
 w - a potion of berserk rage {unknown}
 A - a potion of lignification {unknown}
Comestibles
 f - 3 bread rations
 s - 4 meat rations


   Skills:
 - Level 3.2 Fighting
 + Level 5.6 Axes
 + Level 6.4 Armour
 + Level 7.0 Shields


You had 7 spell levels left.
You didn't know any spells.

Dungeon Overview and Level Annotations

Branches:
Dungeon (5/15)
 Temple: D:4-7

Altars:
Cheibriados
Trog
Vehumet
Yredelemnul
Zin
The Shining One


Innate Abilities, Weirdness & Mutations

You are under a permanent stasis effect.
You can dig through walls and to a lower floor.
Your four strong arms can wield two-handed weapons with a shield.
You have a pair of large antennae on your head. (SInv)


Message History

The orc wizard casts a spell at you. The puff of frost hits you!
* * * LOW HITPOINT WARNING * * *
You closely miss the orc warrior.
The orc warrior is almost dead.
The orc wizard misses you. You block the orc's attack.
You block the orc warrior's attack.
You hit the orc warrior.
The orc warrior is almost dead.
You block the orc wizard's attack. The orc closely misses you.
The orc wizard points at you and mumbles some strange words.
The puff of flame hits you!
* * * LOW HITPOINT WARNING * * *
You block the orc warrior's attack.
You barely miss the orc warrior.
The orc warrior is almost dead.
You block the orc wizard's attack. You block the orc's attack.
The orc wizard hits you but does no damage.
The orc warrior hits you with a battleaxe!!
You die...

#.........###'#########..##
##..##....##..###...###..##
##..##............_........
#....#.....................
#....#....##'###########.##
##..###'####..####.##.##.##
######)...##.....#.........
#....#....oo.....#.........
#....'.)..@#....##...###.##
#..#####.o##o...##...###>##
########..##..........#..).
#...................'....
#.......##...############
#...######...###.########
#...##..##...............
##..##...................
#####..##...##..##<.##..


You could see an orc warrior, an orc wizard and an orc.

Vanquished Creatures
  The ghost of Elizilla the Cudgeler, an amateur FoFi (D:4)
  An ogre (D:5)
  3 centaurs (D:5)
  A scorpion (D:5)
  A gnoll shaman (D:5)
  3 iguanas (D:5)
  2 worker ants (D:4)
  2 hound skeletons
  6 adders
  3 gnolls
  2 shadow imps (D:5)
  3 oozes
  2 adder skeletons
  5 worms
  2 dart slugs
  2 leopard geckos
  4 orcs
  2 ball pythons
  4 bats
  5 giant cockroaches
  9 goblins
  8 hobgoblins
  3 quokkas
  4 frilled lizards
  A jackal skeleton (D:4)
  14 kobolds
  A quokka skeleton (D:4)
  5 rats
99 creatures vanquished.

Notes
Turn   | Place    | Note
-------+----------+-------------------------------------------
     0 | D:1      | Jerry the Formicid Fighter began the quest for the Orb.
     0 | D:1      | Reached XP level 1. HP: 18/18 MP: 1/1
    65 | D:1      | Reached XP level 2. HP: 24/24 MP: 2/2
   559 | D:1      | Reached XP level 3. HP: 25/29 MP: 3/3
   710 | D:1      | Reached skill level 4 in Shields
  1146 | D:2      | Reached XP level 4. HP: 35/35 MP: 4/4
  1151 | D:2      | Found a glowing golden altar of the Shining One.
  1613 | D:2      | Found a snail-covered altar of Cheibriados.
  1651 | D:2      | Reached XP level 5. HP: 39/41 MP: 5/5
  1943 | D:2      | Found a glowing silver altar of Zin.
  1984 | D:2      | Found a basalt altar of Yredelemnul.
  2747 | D:4      | Found a bloodstained altar of Trog.
  2841 | D:4      | Noticed an orc warrior
  3170 | D:4      | Found a radiant altar of Vehumet.
  3175 | D:4      | Reached skill level 5 in Shields
  3192 | D:4      | Noticed Elizilla's ghost (amateur FoFi)
  3200 | D:4      | Killed Elizilla's ghost
  3200 | D:4      | Reached skill level 5 in Armour
  3200 | D:4      | Reached XP level 6. HP: 34/47 MP: 6/6
  3605 | D:5      | Entered Level 5 of the Dungeon
  3672 | D:5      | Reached XP level 7. HP: 30/52 MP: 7/7
  3858 | D:5      | Reached skill level 6 in Shields
  4006 | D:5      | Reached skill level 5 in Axes
  4495 | D:5      | Found a basalt altar of Yredelemnul.
  4527 | D:5      | Reached XP level 8. HP: 13/58 MP: 8/8
  5383 | D:5      | Reached skill level 7 in Shields
  5559 | D:4      | Demolished by an orc warrior

Skill      XL: |  1  2  3  4  5  6  7  8 |
---------------+-------------------------+-----
Shields        | 4 5 6 7 |  7.0
Axes           | 3 4 5 |  5.6
Armour         | 4 5 6 |  6.4
Fighting       | |  3.2

Action                   |  1- 3 |  4- 6 |  7- 9 || total
-------------------------+-------+-------+-------++-------
Melee: Short sword       |    91 |   149 |   107 ||   347
       War axe           |     3 |       |       ||     3
  Use: Potion            |       |     1 |       ||     1
  Eat: Chunk             |       |     9 |     1 ||    10
       Bread ration      |       |       |     1 ||     1
Armor: Scale mail        |    33 |    40 |    20 ||    93
Dodge: Dodged            |    25 |    41 |    23 ||    89
Block: Shield            |    37 |    68 |    69 ||   174
